Map: Hardwire LE

Players

AntMantis

  • Race: Zerg Zerg
  • League: Master
  • Spawn Location: 7:00

Pumba - Winner!

  • Race: Protoss Protoss
  • League: Master
  • Spawn Location: 1:00

VOD

Have the link to the VOD?

Description

Time

  • Played on: March 29, 2022, 4:52 p.m.
  • Length: 10:22
Show
View Real Time Build Order
Export as new Build Order

AntMantis Zerg 

Build Orders: Hatch First 

Get SALT Encoding   

  12  0:00  Drone  
  13  0:07  Drone  
  14  0:19  Overlord  
  14  0:29  Drone, Extractor x2  
  14  0:30  Drone  
  16  0:58  Hatchery  
  16  0:59  Drone  
  16  1:01  Drone  
  16  1:02  Drone  
  18  1:16  Extractor  
  17  1:21  Drone  
  17  1:22  Spawning Pool  
  17  1:24  Drone  
  18  1:32  Drone  
  19  2:08  Zergling x2, Queen  
  21  2:11  Zergling x2  
  23  2:16  Roach Warren  
  23  2:20  Metabolic Boost  
  24  2:43  Overlord  
  22  2:50  Hatchery  
  21  3:06  Overlord  
  21  3:11  Hatchery  
  20  3:13  Drone x3  
  23  3:25  Queen  
  25  3:31  Drone  
  25  3:32  Drone  
  27  3:39  Zergling x2  
  28  3:41  Zergling x2  
  29  3:48  Zergling x2  
  30  4:01  Queen  
  32  4:08  Drone x4  
  35  4:19  Overlord  
  35  4:23  Drone  
  36  4:26  Drone x2  
  36  4:29  Queen  
  36  4:31  Drone  
  41  4:39  Drone, Overlord  
  41  4:41  Drone  
  41  4:44  Drone  
  44  4:49  Overlord  
  44  4:50  Drone  
  44  4:52  Drone  
  46  4:58  Lair  
  46  5:00  Drone  
  46  5:01  Drone  
  46  5:06  Drone  
  44  5:08  Drone  
  44  5:12  Drone  
  45  5:17  Spore Crawler  
  45  5:18  Drone  
  45  5:25  Spore Crawler, Drone x2  
  46  5:30  Drone x2  
  46  5:33  Spore Crawler  
  46  5:34  Extractor  
  43  5:36  Drone x2  
  43  5:38  Drone  
  43  5:40  Drone x2  
  49  5:43  Drone  
  49  5:44  Drone  
  49  5:49  Drone x3  
  54  5:53  Drone x2  
  54  5:57  Drone x2  
  54  5:58  Drone  
  54  5:59  Drone  
  54  6:04  Drone  
  59  6:05  Hydralisk Den  
  59  6:06  Drone  
  59  6:07  Drone  
  59  6:09  Drone  
  61  6:13  Overlord  
  61  6:14  Overlord  
  61  6:24  Drone x5  
  64  6:30  Extractor x2  
  62  6:35  Drone x4  
  66  6:46  Hatchery  
  65  6:48  Muscular Augments  
  65  6:50  Evolution Chamber  
  63  6:54  Baneling Nest  
  61  7:07  Zergling x10  
  66  7:09  Hydralisk x2  
  66  7:15  Extractor x2  
  68  7:21  Drone x3  
  68  7:22  Drone  
  72  7:23  Extractor  
  72  7:24  Queen  
  72  7:25  Overlord  
  72  7:26  Drone x5  
  72  7:27  Drone x2  
  80  7:41  Hydralisk  
  80  7:43  Overlord  
  80  7:44  Overlord x2  
  79  7:53  Hydralisk x5, Overlord  
  79  7:56  Zergling x2  
  91  8:05  Zergling x2  
  91  8:06  Zergling x18  
  91  8:10  Queen  
  102  8:13  Drone x3, Overlord  
  102  8:16  Centrifugal Hooks  
  105  8:39  Hydralisk x6  
  117  8:47  Zergling x2  
  117  8:51  Zergling x2  
  117  8:52  Zergling x24  
  117  8:54  Queen  
  132  9:08  Hydralisk x2  
  132  9:09  Hydralisk x2  
  134  9:11  Zergling x2  
  134  9:12  Overlord x3  
  131  9:18  Baneling x2  
  131  9:19  Baneling x5  
  127  9:28  Baneling x4  
  127  9:29  Queen  
  127  9:31  Queen  
  131  9:40  Hydralisk x3  
  121  9:50  Zergling x2, Hydralisk x2  
  121  9:51  Zergling x12  
Show
View Real Time Build Order
Export as new Build Order

Pumba Protoss - Winner!

Build Orders:  

Get SALT Encoding   

  12  0:00  Probe  
  13  0:13  Probe  
  14  0:20  Pylon  
  14  0:25  Probe  
  15  0:38  Probe (Chrono Boost)  
  15  0:41  Gateway  
  16  0:47  Probe (Chrono Boost)  
  16  0:49  Assimilator  
  17  0:52  Probe (Chrono Boost)  
  18  1:04  Probe  
  18  1:06  Pylon  
  19  1:16  Gateway  
  19  1:18  Probe  
  20  1:27  Zealot (Chrono Boost)  
  20  1:30  Probe  
  23  1:37  Cybernetics Core  
  23  1:46  Zealot  
  25  1:55  Probe  
  25  1:56  Assimilator  
  25  1:57  Pylon  
  26  2:07  Probe  
  27  2:14  Stalker, Pylon  
  29  2:24  Probe  
  30  2:35  Pylon  
  30  2:52  Probe, Stargate  
  31  2:58  Warp Gate  
  31  2:59  Adept x2  
  31  3:04  Probe  
  36  3:16  Probe  
  37  3:27  Nexus  
  37  3:33  Probe  
  38  3:46  Pylon  
  38  3:51  Probe  
  39  4:03  Oracle (Chrono Boost)  
  39  4:04  Probe  
  43  4:21  Probe  
  43  4:23  Nexus  
  44  4:27  Pylon  
  44  4:32  Oracle (Chrono Boost)  
  47  4:42  Probe (Chrono Boost)  
  49  4:46  Assimilator  
  49  4:47  Probe (Chrono Boost)  
  49  4:48  Assimilator  
  49  4:51  Probe (Chrono Boost)  
  47  4:55  Probe (Chrono Boost)  
  47  4:56  Probe (Chrono Boost)  
  49  5:06  Probe  
  50  5:08  Probe (Chrono Boost)  
  51  5:20  Probe (Chrono Boost)  
  53  5:22  Pylon  
  53  5:23  Probe (Chrono Boost)  
  53  5:31  Probe (Chrono Boost)  
  53  5:33  Probe (Chrono Boost)  
  55  5:40  Probe  
  56  5:43  Robotics Facility  
  56  5:44  Probe  
  57  5:54  Zealot x2  
  59  5:59  Probe (Chrono Boost)  
  59  6:03  Probe (Chrono Boost)  
  62  6:05  Probe (Chrono Boost)  
  62  6:08  Probe (Chrono Boost)  
  65  6:11  Probe (Chrono Boost)  
  65  6:13  Probe (Chrono Boost)  
  65  6:17  Shield Battery  
  66  6:19  Probe (Chrono Boost), Pylon  
  66  6:22  Probe (Chrono Boost)  
  66  6:24  Probe (Chrono Boost)  
  67  6:26  Probe (Chrono Boost), Pylon  
  67  6:27  Twilight Council, Probe (Chrono Boost)  
  67  6:29  Forge  
  69  6:33  Probe  
  69  6:38  Immortal (Chrono Boost)  
  70  6:45  Probe x3  
  77  6:51  Gateway  
  77  6:52  Gateway  
  77  6:54  Gateway  
  77  6:56  Gateway  
  77  6:59  Gateway  
  77  7:02  Probe x2  
  77  7:03  Charge, Probe  
  77  7:05  Gateway x2  
  77  7:07  Gateway  
  80  7:09  Protoss Ground Weapons Level 1 (Chrono Boost)  
  80  7:17  Templar Archives  
  80  7:18  Pylon  
  80  7:21  Pylon  
  81  7:23  Observer (Chrono Boost)  
  81  7:24  Pylon  
  81  7:26  Pylon  
  81  7:39  Immortal (Chrono Boost)  
  81  7:44  Probe  
  86  7:58  Zealot x7  
  94  8:04  High Templar x2  
  104  8:10  Warp Prism (Chrono Boost)  
  104  8:12  Archon  
  104  8:17  High Templar  
  104  8:18  High Templar x7  
  122  8:22  Archon x4  
  122  8:29  Pylon  
  122  8:31  Pylon  
  122  8:32  Pylon  
  122  8:33  Pylon  
  122  8:41  Pylon  
  122  9:00  Zealot x10  
  139  9:13  Nexus  
  137  9:32  Zealot, High Templar  
  137  9:33  Zealot, High Templar x3  
  137  9:34  Zealot x4  
  157  9:45  Archon x2  
  116  10:00  Zealot x6  
  118  10:11  Zealot x4  
Tags
 
Add a new tag
Caveats
  • Supply blocks, unpowered buildings, or Contaminate may cause inaccurate times.
  • Supply counts are checked every 10 seconds.